Map: Yeonsu LE

Players

Ashaxyn - Winner!

  • Race: Zerg Zerg
  • Spawn Location: 7:00

Gracz

  • Race: Terran Terran
  • League: Bronze
  • Spawn Location: 1:00

VOD

Have the link to the VOD?

Description

Time

  • Played on: June 18, 2016, 3:54 p.m.
  • Length: 17:54
Show
View Real Time Build Order
Export as new Build Order

Ashaxyn Zerg - Winner!

Build Orders: Hatch First 

Get SALT Encoding   

  12  0:03  Unknown  
  12  0:04  Drone  
  13  0:17  Overlord  
  13  0:19  Drone  
  14  0:43  Drone  
  14  0:47  Hatchery  
  14  0:50  Unknown  
  14  1:02  Spawning Pool  
  13  1:09  Drone  
  13  1:10  Drone  
  15  1:14  Extractor  
  15  1:17  Drone  
  15  1:23  Drone  
  16  1:30  Drone  
  17  1:42  Overlord  
  17  1:51  Queen  
  19  2:09  Extractor  
  19  2:12  Drone x2  
  20  2:18  Queen  
  20  2:20  Drone x3  
  25  2:29  Drone  
  26  2:31  Extractor  
  26  2:52  Extractor  
  26  2:58  Drone x2  
  26  2:59  Drone  
  26  3:01  Drone, Overlord  
  26  3:02  Drone  
  31  3:08  Roach Warren  
  30  3:38  Unknown  
  30  3:51  Drone x2  
  30  3:52  Queen  
  34  4:07  Drone x3  
  34  4:09  Overlord  
  37  4:10  Zergling x2  
  37  4:11  Zergling x2  
  37  4:13  Hatchery  
  37  4:14  Metabolic Boost  
  38  4:17  Unknown  
  39  4:45  Zergling x2  
  39  4:46  Zergling x14  
  46  5:05  Overlord  
  46  5:07  Overlord  
  46  5:08  Zergling x2  
  46  5:09  Zergling x2  
  48  5:19  Extractor  
  47  5:35  Unknown  
  47  5:38  Unknown  
  47  5:41  Unknown  
  47  5:45  Unknown  
  47  5:50  Lair  
  47  5:55  Drone x3  
  47  5:56  Overlord  
  50  5:57  Drone x3  
  50  6:01  Drone x3  
  56  6:05  Zergling x6  
  59  6:16  Hatchery  
  58  6:19  Unknown  
  58  6:26  Extractor  
  58  6:29  Zergling x2  
  58  6:30  Zergling x10, Spore Crawler  
  62  6:35  Baneling Nest  
  62  6:38  Spore Crawler  
  60  6:40  Spore Crawler  
  60  6:44  Unknown, Drone x3  
  60  6:45  Drone x2  
  63  6:48  Zergling x2  
  63  6:49  Zergling x16  
  72  7:00  Spore Crawler  
  71  7:25  Zergling x14  
  71  7:26  Zergling x8  
  71  7:27  Overlord x2  
  71  7:28  Overlord x2  
  71  7:29  Unknown  
  81  7:34  Queen  
  83  7:38  Drone x3  
  83  7:39  Overlord  
  86  7:54  Extractor  
  85  7:59  Unknown x4, Drone  
  85  8:00  Unknown x31, Drone x2  
  85  8:01  Unknown x2  
  85  8:03  Drone x4  
  92  8:05  Overlord  
  92  8:08  Drone x3  
  92  8:09  Extractor  
  94  8:16  Drone x2  
  96  8:22  Spore Crawler  
  96  8:24  Roach  
  96  8:25  Roach x8  
  113  8:29  Overlord  
  113  8:38  Unknown  
  113  8:46  Unknown  
  113  8:47  Unknown x4  
  113  8:57  Extractor  
  113  9:02  Drone x4  
  116  9:04  Drone x5  
  116  9:06  Drone x4  
  125  9:11  Zergling x2  
  125  9:12  Zergling x12  
  125  9:13  Overlord x2  
  132  9:37  Extractor  
  131  9:43  Overlord x2  
  131  9:52  Unknown x2  
  131  9:53  Unknown x26  
  131  9:54  Unknown x4  
  131  9:55  Unknown  
  131  10:03  Unknown  
  130  10:20  Unknown  
  130  10:21  Unknown  
  130  10:22  Unknown x11  
  130  10:23  Unknown  
  130  10:27  Drone x3  
  133  10:32  Roach x3  
  133  10:33  Roach x13  
  133  10:34  Spore Crawler  
  164  10:39  Glial Reconstitution  
  168  11:23  Overlord x2  
  168  11:31  Unknown  
  170  11:32  Unknown  
  170  11:33  Unknown x6  
  170  11:38  Unknown  
  172  11:42  Extractor  
  171  11:48  Evolution Chamber  
  170  12:00  Unknown  
  170  12:06  Unknown  
  170  12:14  Roach  
  170  12:15  Roach x7  
  186  12:16  Roach x7  
  200  12:38  Zerg Melee Weapons Level 1, Evolution Chamber  
  199  12:46  Evolution Chamber  
  199  12:49  Hive  
  198  12:52  Burrow, Pneumatized Carapace  
  192  14:32  Zerg Ground Armor Level 1  
  190  14:42  Zerg Melee Weapons Level 2  
  190  14:55  Unknown x3  
  190  14:56  Unknown x5  
  190  14:57  Unknown x19  
  190  14:58  Unknown x30  
  190  14:59  Unknown x48  
  188  15:00  Unknown x5  
  188  15:01  Unknown x6  
  188  15:02  Unknown x12  
  180  15:10  Ravager x2  
  180  15:11  Ravager x4  
  180  15:12  Ravager x13  
  199  15:28  Unknown x18  
  196  15:29  Unknown x10  
  196  15:30  Unknown x24  
  196  15:31  Unknown x13  
  196  15:32  Unknown x46  
  196  15:33  Unknown x14  
  196  15:34  Unknown x21  
  196  15:35  Unknown x18  
  183  15:36  Unknown x27  
  183  15:37  Unknown x14  
  183  15:38  Unknown x10  
  183  15:39  Unknown x12  
  183  15:40  Unknown x21  
  183  15:41  Unknown x11  
  183  15:42  Unknown x12  
  165  15:43  Unknown x8  
  165  15:44  Unknown x3  
  165  15:46  Unknown x3  
  165  15:47  Unknown x11  
  165  15:48  Unknown x8  
  165  15:49  Unknown x15  
  145  15:50  Unknown x10  
  145  15:51  Unknown x4  
  145  15:52  Unknown x9  
  145  15:53  Unknown x8  
  145  15:54  Unknown x18  
  145  15:56  Unknown x12  
  130  15:57  Unknown x6  
  130  15:58  Unknown  
  130  16:00  Unknown x11  
  130  16:01  Unknown x3  
  130  16:02  Unknown x11  
  130  16:03  Unknown x6  
  130  16:04  Unknown x7  
  122  16:05  Unknown x20  
  122  16:06  Unknown x9  
  122  16:07  Unknown x14  
  122  16:08  Unknown x11  
  122  16:09  Unknown x6  
  122  16:10  Unknown x10  
  122  16:11  Unknown  
  122  16:13  Unknown  
  122  16:14  Unknown x4  
  122  16:16  Unknown x6  
  122  16:17  Unknown x2  
  122  16:19  Unknown x9  
  122  16:24  Unknown  
  122  16:26  Unknown x8  
  122  16:27  Unknown x2  
  122  16:31  Unknown  
  122  16:34  Unknown x5  
  122  16:35  Unknown x5  
  122  16:38  Unknown x3  
  122  16:39  Unknown x2  
  122  16:40  Unknown x10  
  122  16:41  Unknown x10  
  122  16:42  Unknown x13  
  122  16:43  Unknown x3  
  122  16:51  Unknown x7  
  122  16:52  Unknown x10  
  122  16:53  Unknown x2  
  122  16:54  Ravager x4, Unknown x4  
  123  16:55  Ravager x12  
  123  17:00  Unknown x8  
  123  17:01  Unknown x10  
  138  17:02  Unknown x2  
  138  17:03  Unknown x8  
  138  17:04  Unknown x3  
  138  17:05  Unknown x2  
Show
View Real Time Build Order
Export as new Build Order

Gracz Terran 

Build Orders:  

Get SALT Encoding   

  12  0:03  Unknown  
  12  0:27  SCV  
  13  0:33  Supply Depot  
  13  0:35  Refinery  
  13  0:40  SCV  
  14  0:51  Thor  
  14  0:52  SCV  
  14  0:56  Supply Depot  
  15  1:04  SCV  
  16  1:21  Unknown  
  16  2:14  Marauder  
  16  2:24  Barracks  
  16  2:55  Barracks  
  16  2:59  SCV  
  16  3:03  Barracks  
  17  3:11  SCV  
  18  3:23  SCV  
  18  3:24  Barracks  
  18  3:26  Barracks Reactor  
  19  3:36  SCV  
  20  3:48  SCV  
  21  4:22  Refinery  
  21  4:24  Barracks Reactor x2, Engineering Bay  
  21  4:26  Barracks Reactor  
  21  4:35  Factory  
  21  4:45  Supply Depot  
  21  5:05  Barracks  
  21  5:09  Marine  
  21  5:10  Marine x7  
  29  5:27  Barracks, Marine x4  
  29  5:28  Marine x4  
  37  5:35  Orbital Command  
  37  5:45  Marine x2  
  39  6:00  Supply Depot  
  39  6:09  Barracks  
  39  6:17  Barracks Reactor  
  39  6:19  Barracks Tech Lab  
  39  6:22  Marine x8  
  47  6:37  Starport  
  47  6:49  Command Center  
  47  6:53  Unknown  
  47  7:11  Barracks Tech Lab  
  47  7:14  Barracks  
  47  7:40  Starport  
  47  8:00  Marine x4  
  51  8:37  Barracks Tech Lab  
  51  9:02  Ghost Academy  
  51  9:18  SCV  
  51  9:20  Ghost Academy  
  52  9:25  Marine  
  52  9:26  Marine x7  
  60  9:40  Orbital Command  
  60  9:43  Marine  
  60  9:44  Marine  
  62  10:05  Supply Depot  
  62  10:14  Marine x8  
  70  10:32  Marine x8  
  78  10:40  Barracks Tech Lab  
  78  10:41  Combat Shields  
  78  10:43  Stimpack  
  78  10:46  Concussive Shells  
  78  10:48  Starport Tech Lab  
  78  11:00  Starport  
  78  11:02  Nuke  
  78  11:06  Personal Cloaking  
  78  11:40  Supply Depot  
  78  12:01  Marine x8  
  78  12:02  Supply Depot  
  78  12:03  Supply Depot  
  78  12:07  Starport, Starport Tech Lab  
  86  12:17  Terran Infantry Weapons Level 1  
  86  12:23  Marine x8  
  86  12:24  SCV  
  86  12:25  Supply Depot  
  86  12:29  Armory  
  95  12:36  Armory  
  95  12:37  Nuke  
  95  12:41  Marine x2  
  97  12:57  Supply Depot  
  97  12:59  SCV  
  97  13:05  Medivac x2  
  102  13:11  SCV  
  103  13:23  SCV  
  104  13:35  Medivac x2  
  104  13:36  SCV  
  109  13:48  SCV  
  110  14:00  SCV  
  111  14:12  SCV  
  92  14:52  Marine  
  89  15:12  Marine x2  
  89  15:13  Marine x10  
  97  15:30  Ghost x3  
Tags
 
Add a new tag
Caveats
  • Supply blocks, unpowered buildings, or Contaminate may cause inaccurate times.
  • Supply counts are checked every 10 seconds.